 Dungeon Crawl Stone Soup version 0.28.0 (webtiles) character file.

Game seed: 2091808878072613889

253 SnakkuSnakku7 the Skirmisher (level 6, -2/57 HPs)
             Began as a Hill Orc Fighter on Feb 16, 2022.
             Slain by an adder (3 damage)
             ... in a sewer.
             The game lasted 00:03:38 (2736 turns).

SnakkuSnakku7 the Skirmisher (Hill Orc Fighter)     Turns: 2736, Time: 00:03:39

Health: -2/57      AC:  6    Str: 21    XL:     6   Next: 14%
Magic:  6/6        EV:  6    Int:  8    God:
Gold:   95         SH:  4    Dex: 10    Spells: 5/5 levels left

rFire   . . .      SeeInvis .   a - +0 war axe
rCold   + . .      Faith    .   c - +0 buckler
rNeg    . . .      Spirit   .   b - +0 scale mail
rPois   .          Reflect  .   (no helmet)
rElec   .          Harm     .   (no cloak)
rCorr   .          Rampage  .   (no gloves)
Will    .....                   (no boots)
Stlth   ..........              (no amulet)
HPRegen 0.19/turn               j - ring of protection from cold
MPRegen 0.10/turn               (no ring)

@: constricted
A: no striking features
a: no special abilities


You were in a sewer.
You visited 1 branch of the dungeon, and saw 4 of its levels.
You also visited: Sewer.

You collected 95 gold pieces.

Inventory:

Hand Weapons
 a - a +0 war axe (weapon)
Armour
 b - a +0 scale mail (worn)
 c - a +0 buckler (worn)
Jewellery
 j - a ring of protection from cold (left hand)
Scrolls
 g - 3 scrolls of amnesia {unknown}
 h - 3 scrolls of identify {unknown}
 i - a scroll of immolation {unknown}
 m - a scroll of enchant armour {unknown}
Potions
 d - 2 potions of might
 e - 2 potions of heal wounds {unknown}
 f - a potion of berserk rage {unknown}
 k - 5 potions of haste {unknown}
 l - a potion of invisibility {unknown}


   Skills:
 + Level 6.2 Fighting
 + Level 6.1 Axes
 - Level 3.2 Armour
 - Level 3.2 Shields


You had 5 spell levels left.
You didn't know any spells.
Your spell library contained the following spells:

 Spells                   Type           Power      Damage    Failure   Level
 Sting                    Tmut/Pois      0%         1d3       83%         1
 Poisonous Vapours        Pois/Air       0%         N/A       93%         2
 Olgreb's Toxic Radiance  Pois           0%         N/A       100%        4


Dungeon Overview and Level Annotations

Branches:
Dungeon (4/15)              Sewer (1/1)
 Temple: D:4-7

Altars:
Fedhas

Shops:
D:1 *


Message History

The bullfrog hits you.
* * * LOW HITPOINT WARNING * * *
The bullfrog hits you but does no damage.
The adder barely misses you.
You closely miss the adder.
The adder is lightly wounded.
You hit the ball python.
You kill the ball python!
You slash the adder!
You kill the adder!
You closely miss the bullfrog. You barely miss the bullfrog.
The bullfrog barely misses you. The bullfrog closely misses you.
The adder bites you but does no damage. The bullfrog hits you.
* * * LOW HITPOINT WARNING * * *
The bullfrog hits you but does no damage.
Unknown command.
You barely miss the bullfrog. You hit the adder. You hit the ball python.
You closely miss the ball python. You closely miss the bullfrog.
The adder bites you.
* * * LOW HITPOINT WARNING * * *
You block the ball python's attack. x2
The bullfrog hits you but does no damage. x2
The ball python bites you but does no damage.
The ball python misses you. The bullfrog hits you!
* * * LOW HITPOINT WARNING * * *
The bullfrog barely misses you.
Unknown command.
Unknown command.
You aren't carrying any items that you can evoke.
Unknown command.
You slash the bullfrog!
The bullfrog is heavily wounded.
You closely miss the bullfrog. You closely miss the adder.
You hit the ball python but do no damage.
You closely miss the ball python. The ball python closely misses you.
The ball python grabs you. The ball python constricts you.
The bullfrog hits you.
* * * LOW HITPOINT WARNING * * *
The adder bites you.
You die...

#..≈...#
##..≈.
#≈≈≈#≈≈#
#≈†≈≈≈
#≈≈≈≈≈≈#
#≈≈≈≈≈
#≈≈≈≈≈≈#
#≈≈≈≈≈
#≈≈≈≈≈≈#
#≈≈≈≈≈
#≈#≈≈≈≈#
#≈≈≈≈≈
#≈S≈≈≈≈#
#≈≈≈≈≈
#SSF≈≈≈#
#≈≈≈≈≈
#S@FS≈≈#
##....
#≈≈#≈≈≈#
#≈..(.
#≈#≈≈≈≈#
#≈≈...
#≈≈≈≈≈≈#
#≈≈≈†≈
#≈≈≈≈≈≈#
#≈≈≈≈≈
#≈≈≈≈≈≈#
#≈≈≈≈≈
#≈≈≈≈≈≈#
#≈≈≈≈≈
#≈≈≈≈≈≈#####
#≈≈≈≈≈
#.≈.≈≈###..#
##..≈.


You could see 2 bullfrogs, an adder and 4 ball pythons.

Vanquished Creatures
  Jessica (D:3)
  9 adders
  4 river rats (Sewer)
  A worm (D:2)
  A dart slug (D:2)
  5 orcs (D:3)
  13 ball pythons
  4 endoplasms
  5 giant cockroaches
  6 goblins
  9 hobgoblins
  8 jackals
  5 kobolds
  5 quokkas
  2 bats
  5 frilled lizards
  24 rats
107 creatures vanquished.

Vanquished Creatures (others)
  4 toadstools (D:1)
4 creatures vanquished.

Grand Total: 111 creatures vanquished

Notes
Turn   | Place    | Note
-------+----------+-------------------------------------------
     0 | D:1      | SnakkuSnakku7 the Hill Orc Fighter began the quest for the
                  | Orb.
     0 | D:1      | Reached XP level 1. HP: 19/19 MP: 1/1
   124 | D:1      | Reached XP level 2. HP: 18/27 MP: 2/2
   337 | D:1      | Found Gisod's Assorted Antiques.
   773 | D:2      | Found a faded altar of an unknown god.
   894 | D:2      | Reached XP level 3. HP: 32/34 MP: 3/3
  1240 | D:2      | Reached XP level 4. HP: 25/41 MP: 4/4
  1303 | D:2      | Reached skill level 5 in Fighting
  1608 | D:3      | Noticed Jessica
  1612 | D:3      | Killed Jessica
  1613 | D:3      | Reached skill level 5 in Axes
  1701 | D:3      | Reached XP level 5. HP: 48/48 MP: 5/5
  2111 | D:3      | Found a blossoming altar of Fedhas.
  2239 | D:4      | Found a glowing drain.
  2295 | Sewer    | Entered a sewer
  2467 | Sewer    | Reached XP level 6. HP: 29/57 MP: 6/6
  2736 | Sewer    | HP: 1/57 [bullfrog (5)]
  2736 | Sewer    | Slain by an adder

Illustrated notes

Levels and vault maps discovered:
D:1:      ldierk_walled_garden_2, layout_loops_ring, serial_shops, shop,
          kennysheep_another_room
D:2:      layout_loops_ring, hellmonk_ecumenical_altar_run_dry,
          minmay_pentomino_u2
D:3:      layout_loops_cross, fedhas_altar_4, uniq_jessica
D:4:      layout_loops_ring, gammafunk_ghost_stat_death, portal_sewer_entry_f,
          minmay_misc_feat_rows, nicolae_shop_sticking_my_neck_out
Sewer:    sewer_minmay_w

Skill      XL: |  1  2  3  4  5  6 |
---------------+-------------------+-----
Axes           | 3 4 5 6 |  6.1
Fighting       | 4 5 6 |  6.2
Armour         | |  3.2
Shields        | |  3.2

Action                   |  1- 3 |  4- 6 || total
-------------------------+-------+-------++-------
Melee: War axe           |    81 |   177 ||   258
Armor: Scale mail        |    38 |   105 ||   143
Dodge: Dodged            |    48 |   115 ||   163
Block: Buckler           |    20 |    55 ||    75
